 Dungeon Crawl Stone Soup version 0.28-a0-199-g298df9dbad (webtiles) character file.

Game seed: 17322107129585776809

2454 Ezendos the Covert (level 9, -7/61 HPs)
             Began as an Octopode Venom Mage on Aug 19, 2021.
             Was an Initiate of Sif Muna.
             Shot with a sling bullet by Joseph (13 damage)
             ... on level 7 of the Dungeon.
             The game lasted 00:25:38 (12016 turns).

Ezendos the Covert (Octopode Venom Mage)           Turns: 12016, Time: 00:25:39

Health: -7/61      AC:  1    Str:  7    XL:     9   Next: 50%
Magic:  7/17       EV: 28    Int: 21    God:    Sif Muna [......]
Gold:   406        SH:  8    Dex: 12    Spells: 4/18 levels left

rFire   . . .      SeeInvis .   f - +2 falchion
rCold   . . .      Faith    .   q - +3 buckler
rNeg    . . .      Spirit   .   (helmet restricted)
rPois   .          Reflect  .   a - amulet of the acrobat
rElec   .          Harm     .   v - ring of willpower
rCorr   .          Rampage  .   (no ring)
Will    +....                   (no ring)
Stlth   +++++.....              (no ring)
HPRegen 0.20/turn               (no ring)
MPRegen 0.15/turn               (no ring)
                                (no ring)
                                (no ring)

@: acrobatic
A: almost no armour, amphibious, 8 rings, camouflage 1, gelatinous body 1,
(nimble swimmer 1), tentacles
a: Renounce Religion


You were on level 7 of the Dungeon.
You worshipped Sif Muna.
Sif Muna was noncommittal.
You visited 2 branches of the dungeon, and saw 10 of its levels.

You collected 406 gold pieces.

Inventory:

Hand Weapons
 f - a +2 falchion (weapon)
 m - a +2 dire flail of protection
Missiles
 e - 41 poisoned darts (quivered)
Armour
 q - a +3 buckler (worn)
Jewellery
 a - an amulet of the acrobat (around mantle)
 v - a ring of willpower (left tentacle)
Wands
 h - a wand of iceblast (4)
 n - a wand of flame (2)
 x - a wand of paralysis (6)
Scrolls
 b - 4 scrolls of teleportation
 c - a scroll of immolation
 d - a scroll of summoning {unknown}
 l - a scroll of fear
 o - a scroll of silence {unknown}
 p - a scroll of noise {unknown}
 u - a scroll of enchant armour
 w - a scroll of acquirement {unknown}
Potions
 g - 2 potions of brilliance
 i - a potion of flight {unknown}
 j - a potion of cancellation {unknown}
 k - 2 potions of heal wounds {unknown}
 r - a potion of ambrosia {unknown}
 s - a potion of lignification
 t - a potion of curing {unknown}
 z - a potion of magic {unknown}


   Skills:
 + Level 5.5 Fighting
 - Level 2.0 Dodging
 - Level 8.0 Stealth
 - Level 4.0 Shields
 + Level 5.4 Spellcasting
 + Level 4.3 Conjurations
 - Level 1.0 Transmutations
 + Level 1.4 Fire Magic
 - Level 2.0 Air Magic
 - Level 5.0 Poison Magic
 - Level 2.6 Evocations


You had 4 spell levels left.
You knew the following spells:

 Your Spells              Type           Power      Damage    Failure   Level
a - Sting                 Tmut/Pois      72%        1d6       3%          1
b - Poisonous Vapours     Pois/Air       40%        N/A       3%          2
c - Mephitic Cloud        Conj/Pois/Air  21%        N/A       7%          3
d - Dispel Undead         Necr           5%         3d7       71%         4
e - Sticky Flame          Conj/Fire      17%        2d4       30%         4

Your spell library contained the following spells:

 Spells                   Type           Power      Damage    Failure   Level
 Conjure Flame            Conj/Fire      17%        6-21      10%         3
 Corpse Rot               Necr/Air       N/A        N/A       11%         2
 Wereblood                Tmut           9%         N/A       11%         2
 Ignite Poison            Fire/Tmut/Pois 16%        N/A       11%         3
 Olgreb's Toxic Radiance  Pois           26%        N/A       13%         4
 Sublimation of Blood     Necr           2%         N/A       16%         2
 Gell's Gravitas          Tloc           2%         N/A       30%         3
 Lesser Beckoning         Tloc           2%         N/A       30%         3
 Ozocubu's Armour         Ice            5%         N/A       30%         3
 Teleport Other           Tloc           5%         N/A       30%         3
 Tukima's Dance           Hex            5%         N/A       30%         3
 Passage of Golubria      Tloc           N/A        N/A       71%         4
 Yara's Violent Unravell  Hex/Tmut       3%         3d4       93%         5
 Death Channel            Necr           2%         N/A       100%        6
 Ozocubu's Refrigeration  Ice            2%         4d5       100%        7
 Summon Hydra             Summ           2%         N/A       100%        7


Dungeon Overview and Level Annotations

Branches:
Dungeon (9/15)             Temple (1/1) D:7
   Lair: D:8-11         Orc: D:9-12

Altars:
Ashenzari
Cheibriados
Fedhas
Gozag
Hepliaklqana
Makhleb
Nemelex Xobeh
Okawaru
Ru
Sif Muna
Vehumet
Xom
Yredelemnul
Zin

Shops:
D:1 (   D:3 [

Annotations:
D:7 Joseph; Maggie; senseless's ghost, novice DsFE
D:9 exclusion: centaur


Innate Abilities, Weirdness & Mutations

You cannot wear most types of armour.
You are amphibious.
You can wear up to eight rings at the same time.
Your skin changes colour to match your surroundings (Stealth+).
Your rubbery body absorbs attacks. (AC +1, EV +1)
((You are camouflaged near water. (Stealth+)))
You have tentacles for arms and can constrict up to eight enemies at once.


Message History

You constrict Joseph. Joseph misses you.
Casting: Sting (safe; 3% risk of failure)
Confirm with . or Enter, or press ? or * to list all spells.
Aiming: Sting (safe; 3% risk of failure)
Press: ? - help, Shift-Dir - straight line, f/p - Joseph
Aim: Joseph, wielding a +0 quarterstaff, wearing a +0 ring mail and quivering sling bullets (moderately wounded, constricted by you, extremely poisoned, 100% to hit)
The sting hits Joseph.
Joseph looks as sick as possible!
Joseph is moderately wounded.
You constrict Joseph, but do no damage. Joseph hits you with a +0 quarterstaff!
Casting: Sting (safe; 3% risk of failure)
Confirm with . or Enter, or press ? or * to list all spells.
Aiming: Sting (safe; 3% risk of failure)
Press: ? - help, Shift-Dir - straight line, f/p - Joseph
Aim: Joseph, wielding a +0 quarterstaff, wearing a +0 ring mail and quivering sling bullets (heavily wounded, constricted by you, extremely poisoned, 100% to hit)
The sting hits Joseph.
Joseph looks as sick as possible!
Joseph is heavily wounded.
You constrict Joseph. Joseph hits you with a +0 quarterstaff!
Casting: Sting (safe; 3% risk of failure)
Confirm with . or Enter, or press ? or * to list all spells.
Aiming: Sting (safe; 3% risk of failure)
Press: ? - help, Shift-Dir - straight line, f/p - Joseph
Aim: Joseph, wielding a +0 quarterstaff, wearing a +0 ring mail and quivering sling bullets (heavily wounded, constricted by you, extremely poisoned, 100% to hit)
The sting hits Joseph.
Joseph looks as sick as possible!
Joseph is heavily wounded.
You constrict Joseph, but do no damage. Joseph barely misses you.
Casting: Sting (safe; 3% risk of failure)
Confirm with . or Enter, or press ? or * to list all spells.
Aiming: Sting (safe; 3% risk of failure)
Press: ? - help, Shift-Dir - straight line, f/p - Joseph
Aim: Joseph, wielding a +0 quarterstaff, wearing a +0 ring mail and quivering sling bullets (heavily wounded, constricted by you, extremely poisoned, 100% to hit)
The sting hits Joseph but does no damage.
Joseph looks as sick as possible!
Joseph is heavily wounded.
You constrict Joseph.
Joseph hits you with a +0 quarterstaff!!
* * * LOW HITPOINT WARNING * * *
You release your grip on Joseph.
Joseph unwields a +0 quarterstaff.
Joseph wields a +0 hunting sling.
Joseph shoots a sling bullet.
The sling bullet hits you!
You die...

######..#.#.######
#.............##..
#.###..........#.# .##.#
#............. #
.##.###.......≈≈.≈≈) #.
#.##.##......≈≈≈≈.≈≈≈
##.##.##.##....≈≈≈≈≈≈.≈≈≈
....>.@.#.....≈≈≈≈≈≈≈.≈≈≈
##.#.###@###..≈≈≈≈≈≈...≈≈
##.#.###.###..≈≈≈≈≈≈.>.≈≈
#.............≈≈≈≈≈≈...≈≈
......#.###.###...≈≈≈≈≈≈≈≈≈≈
##### #.# #....#....≈≈≈≈≈≈≈≈
#.# #####.......≈≈≈≈≈. #.#
#............. .)#
#)#.#..#####.#
#.........#...## #..


You could see Joseph (extremely poisoned).

Vanquished Creatures
  Maurice (D:8)
  Grinder (D:3)
  Sigmund (D:4)
  Eustachio (D:4)
  Edmund (D:4)
  A hornet zombie (D:8)
  A black bear (D:5)
  2 ogres
  A phantom (D:5)
  A kobold brigand (D:6)
  2 wyvern skeletons
  3 killer bees (D:7)
  A howler monkey (D:5)
  A bullfrog zombie (D:5)
  A centaur zombie (D:7)
  3 hounds
  2 orc priests (D:2)
  A bullfrog skeleton (D:5)
  Jessica (D:3)
  2 iguanas (D:6)
  Crazy Yiuf (D:3)
  Ijyb (D:4)
  3 orc wizards
  A hound skeleton (D:4)
  2 howler monkey zombies
  4 gnolls
  A howler monkey skeleton (D:5)
  8 adders
  A shadow imp (D:7)
  A white imp (D:8)
  An ufetubus (D:4)
  An adder skeleton (D:4)
  2 worms
  12 orcs
  3 bats
  9 endoplasms
  3 giant cockroaches (D:4)
  5 hobgoblins
  8 jackals
  3 quokkas (D:1)
  7 ball pythons
  5 frilled lizards
  11 goblins
  8 kobolds
  4 rats (D:1)
133 creatures vanquished.

Notes
Turn   | Place    | Note
-------+----------+-------------------------------------------
     0 | D:1      | Ezendos the Octopode Venom Mage began the quest for the
                  | Orb.
     0 | D:1      | Reached XP level 1. HP: 11/11 MP: 3/3
   437 | D:1      | Reached skill level 3 in Stealth
   437 | D:1      | Reached XP level 2. HP: 18/18 MP: 0/5
   647 | D:1      | Found Reruaf's Weapon Shoppe.
   674 | D:1      | Reached skill level 1 in Fighting
   803 | D:1      | Learned a level 2 spell: Poisonous Vapours
   858 | D:1      | Found a faded altar of an unknown god.
  1433 | D:1      | Reached XP level 3. HP: 17/23 MP: 3/6
  2212 | D:2      | Reached skill level 1 in Air Magic
  2605 | D:2      | Reached XP level 4. HP: 19/29 MP: 0/8
  3480 | D:2      | Reached XP level 5. HP: 10/34 MP: 5/9
  4275 | D:3      | Noticed Jessica
  4284 | D:3      | Killed Jessica
  4303 | D:3      | Noticed Grinder
  4935 | D:3      | Paralysed by Grinder for 4 turns
  5126 | D:4      | Found an iron altar of Okawaru.
  5425 | D:4      | Reached skill level 1 in Evocations
  5425 | D:4      | Reached XP level 6. HP: 29/42 MP: 7/11
  5878 | D:4      | Noticed Edmund
  6039 | D:4      | Killed Edmund
  6330 | D:4      | Reached XP level 7. HP: 36/47 MP: 8/13
  6438 | D:4      | Noticed Sigmund
  6453 | D:4      | Noticed Ijyb
  6612 | D:4      | Killed Ijyb
  6613 | D:4      | Reached skill level 5 in Poison Magic
  6802 | D:4      | Noticed Eustachio
  7048 | D:5      | Entered Level 5 of the Dungeon
  7080 | D:5      | Learned a level 3 spell: Mephitic Cloud
  7387 | D:5      | Reached skill level 1 in Conjurations
  7607 | D:5      | Reached skill level 4 in Stealth
  8239 | D:6      | Reached XP level 8. HP: 52/54 MP: 2/14
  8344 | D:6      | Found the +2 cloak of the Thief {*Fog Slay-2 SInv Stlth+}
  8500 | D:3      | Killed Grinder
  8501 | D:3      | Reached skill level 5 in Stealth
  8893 | D:3      | Found a runed translucent door.
  8894 | D:3      | Noticed Crazy Yiuf
  8915 | D:3      | Killed Crazy Yiuf
  8987 | D:3      | Found Fofodghui's Armour Shoppe.
  9176 | D:4      | Killed Eustachio
  9177 | D:4      | Reached skill level 5 in Fighting
  9177 | D:4      | Reached skill level 1 in Shields
  9177 | D:4      | Reached skill level 5 in Spellcasting
  9342 | D:4      | Killed Sigmund
  9695 | D:6      | Learned a level 4 spell: Dispel Undead
  9744 | D:6      | Reached XP level 9. HP: 53/61 MP: 5/16
  9888 | D:6      | Found a shimmering altar of Xom.
 10528 | D:6      | You fall into a shaft and drop 3 floors!
 10709 | D:9      | Found a broken altar of Ashenzari.
 10816 | D:8      | Noticed Maurice
 10836 | D:8      | Killed Maurice
 10837 | D:8      | Reached skill level 7 in Stealth
 10897 | D:8      | Reached skill level 8 in Stealth
 10929 | D:8      | Learned a level 4 spell: Sticky Flame
 10960 | D:8      | Noticed a troll
 11183 | D:7      | Noticed senseless's ghost (novice DsFE)
 11321 | D:7      | Reached skill level 1 in Fire Magic
 11458 | D:7      | Found a staircase to the Ecumenical Temple.
 11467 | Temple   | Entered the Ecumenical Temple
 11572 | Temple   | Became a worshipper of Sif Muna the Loreminder
 11701 | D:7      | Noticed Joseph
 11951 | D:7      | Noticed Maggie
 12016 | D:7      | Shot with a sling bullet by Joseph

Illustrated notes

Levels and vault maps discovered:
D:1:      dpeg_arrival_rooms_c, layout_basic,
          hellmonk_ecumenical_altar_arch_garden, serial_shops,
          nicolae_shop_crystal
D:2:      cheibrodos_pilgrimage, layout_basic, chequers_serial_rivers_small_a
D:3:      layout_rooms, serial_shops, nicolae_shop_waterfront,
          uniq_crazy_yiuf_cottage, uniq_jessica, uniq_grinder
D:4:      layout_loops_cross, mainiacjoe_overflow_small_starburst, uniq_sigmund,
          uniq_edmund, uniq_eustachio, uniq_ijyb
D:5:      layout_basic
D:6:      layout_basic, jmf_multi_god_temple2, kennysheep_mini
D:7:      layout_loops_ring, temple_pool_b, gammafunk_ghost_icy,
          uniq_prince_ribbit1, uniq_joseph, uniq_maggie
D:8:      layout_gridville, nicolae_uskayaw_dance_studio,
          gammafunk_ghost_spectres, enter_bailey_5, minmay_misc_feat_encased,
          minmay_shop_mass, nicolae_benzene_ring, nicolae_zen_rock_garden,
          uniq_maurice
D:9:      layout_loops_ring, mainiacjoe_overflow_paths
Temple:   eino_temple_scatter_basement

Skill      XL: |  1  2  3  4  5  6  7  8  9 |
---------------+----------------------------+-----
Stealth        | 3 4 5 8 |  8.0
Fighting       | 1 2 3 4 5 |  5.5
Poison Magic   | 4 5 |  5.0
Air Magic      | 1 2 |  2.0
Spellcasting   | 3 4 5 |  5.4
Evocations     | 1 2 |  2.6
Conjurations   | 2 4 |  4.3
Shields        | 4 |  4.0
Fire Magic     | 1 |  1.4
Dodging        | |  2.0
Transmutations | |  1.0

Action                   |  1- 3 |  4- 6 |  7- 9 || total
-------------------------+-------+-------+-------++-------
Melee: Mace              |    38 |     7 |       ||    45
       Unarmed           |     5 |       |       ||     5
       Tentacles         |     8 |     8 |    20 ||    36
       Constrict         |     9 |     8 |    22 ||    39
       Falchion          |       |    23 |    48 ||    71
       Dire flail        |       |     8 |    38 ||    46
Throw: Dart              |     1 |       |       ||     1
 Cast: Sting             |    32 |    65 |    27 ||   124
       Poisonous Vapours |     7 |    35 |   120 ||   162
       Mephitic Cloud    |       |       |     8 ||     8
Evoke: Wand              |       |     1 |    15 ||    16
  Use: Scroll            |       |     3 |     9 ||    12
 Stab: Sleeping          |     5 |     3 |     2 ||    10
       Confused          |       |       |     3 ||     3
Armor: Skin              |     3 |     5 |    13 ||    21
Dodge: Dodged            |    37 |    63 |    86 ||   186
Block: Buckler           |       |       |    18 ||    18
       Rpst.: Falchion   |       |    15 |    12 ||    27

Table legend: (Time is in decaauts)
 A = Elapsed time spent in this place.
 B = Non-inter-level travel time spent in this place.
 C = Inter-level travel time spent in this place.
 D = Time resting spent in this place.
 E = Time spent auto-exploring this place.
 F = Levels seen in this place.
 G = Mean time per level.
                   A        B        C        D        E       F      G
               +--------+--------+--------+--------+--------+-----+--------+
         Total |  12089 |  11205 |    884 |   3470 |   4999 |  10 | 1208.9 |
       Dungeon |  11970 |  11122 |    848 |   3470 |   4918 |   9 | 1330.0 |
        Temple |    118 |     82 |     36 |      0 |     81 |   1 |  118.0 |
               +--------+--------+--------+--------+--------+-----+--------+

Top non-repeatable levels by time:
     D:2: 2623 daAuts
     D:1: 2269 daAuts
     D:4: 2250 daAuts
     D:5: 1393 daAuts
     D:6: 1051 daAuts
     D:3: 1003 daAuts
     D:7: 765 daAuts
     D:8: 356 daAuts
     D:9: 257 daAuts
  Temple: 118 daAuts
